 Dungeon Crawl Stone Soup version 0.24.0 (webtiles) character file.

Game seed: 7603929734269163983, levelgen mode: deterministic

4321 Buxparty the Skirmisher (level 10, -8/79 HPs)
             Began as a Mummy Gladiator on Jan 27, 2020.
             Was an Initiate of Gozag.
             Mangled by a porcupine (13 damage)
             ... on level 1 of the Lair of Beasts.
             The game lasted 00:33:59 (10898 turns).

Buxparty the Skirmisher (Mummy Gladiator)          Turns: 10898, Time: 00:34:00

Health: -8/79      AC:  6    Str: 28    XL:     10   Next: 11%
Magic:  10/10      EV: 22    Int: 15    God:    Gozag
Gold:   238        SH:  0    Dex: 19    Spells: 9/9 levels left

rFire    x . .     SeeInvis .   a - +0 trident
rCold    + . .     Gourm    .   (no shield)
rNeg     + + +     Faith    .   D - +1 leather armour "Gegofot" {Str+3} (curse)
rPois    ∞         Spirit   .   c - +0 helmet
rElec    .         Reflect  .   u - scarf {repulsion}
rCorr    .         Harm     .   (no gloves)
MR       ++...                  (no boots)
Stlth    ++........             v - amulet of the acrobat
HPRegen  0.23/turn              p - +2 ring of intelligence
MPRegen  0.12/turn              m - ring of protection from magic

@: mighty, brilliant, agile, repel missiles
A: no food or potions, fire vulnerability, cold resistance 1, negative energy
resistance 3, torment resistance, unbreathing
a: Potion Petition, Call Merchant, Bribe Branch, Renounce Religion


You were on level 1 of the Lair of Beasts.
You worshipped Gozag.
Gozag was aware of your devotion.
You were not hungry.

You visited 2 branches of the dungeon, and saw 10 of its levels.

You collected 1161 gold pieces.
You paid 923 gold pieces to Gozag.

Inventory:

Hand Weapons
 a - a +0 trident (weapon)
Missiles
 d - 3 throwing nets
 f - 7 atropa-tipped darts (quivered)
 l - 21 poisoned darts
Armour
 b - a +0 leather armour
 c - a +0 helmet (worn)
 e - a +0 cloak
 r - a +0 ring mail
 u - a scarf of repulsion (worn)
 B - a +0 chain mail
 D - the cursed +1 leather armour "Gegofot" (worn) {Str+3}
   (You found it on level 1 of the Lair of Beasts)

   It affects your strength (+3).
   It has a curse placed upon it.
Jewellery
 m - a ring of protection from magic (right hand)
 n - an uncursed ring of magical power
 p - a +2 ring of intelligence (left hand)
 s - an uncursed amulet of faith
 v - an amulet of the acrobat (around neck)
 A - an uncursed amulet of guardian spirit {unknown}
Wands
 t - a wand of flame (13)
 x - a wand of polymorph (20)
 y - a wand of acid (19)
 z - a wand of enslavement (12)
Scrolls
 g - 6 scrolls of identify
 h - 7 scrolls of remove curse
 i - 2 scrolls of teleportation {unknown}
 j - a scroll of fear {unknown}
 k - 4 scrolls of amnesia {unknown}
 o - a scroll of fog {unknown}
 q - a scroll of enchant weapon {unknown}
 w - a scroll of immolation {unknown}
 C - a scroll of blinking {unknown}


   Skills:
 + Level 7.4 Fighting
 + Level 6.9 Polearms
 + Level 2.5 Throwing
 + Level 5.7 Armour
 + Level 6.4 Dodging


You had 9 spell levels left.
You didn't know any spells.
Your spell library was empty.

Dungeon Overview and Level Annotations

Branches:
Dungeon (9/15)             Temple (0/1) D:6            Lair (1/6) D:8
    Orc: D:9-12

Altars:
Ashenzari
Cheibriados
Elyvilon
Fedhas
Gozag
Hepliaklqana
Kikubaaqudgha
Makhleb
Nemelex Xobeh
Ru
Sif Muna
Vehumet
Wu Jian
The Shining One

Shops:
D:4 %=   D:5 !

Annotations:
D:2 Sigmund
D:6 1 transporter
D:7 2 transporters, LostInSpace's ghost, novice OpTm


Innate Abilities, Weirdness & Mutations

You do not eat or drink.
Your flesh is vulnerable to fire.
You are immune to poison.
Your flesh is cold resistant. (rC+)
You are immune to negative energy. (rN+++)
You are immune to unholy pain and torment.
You can survive without breathing.


Message History

You see here a scroll of remove curse.
The porcupine twitches its whiskers.
Found a battleaxe.
You are struck by the porcupine's spines.
You barely miss the porcupine. The porcupine bites you!
* * * LOW HITPOINT WARNING * * *
You are struck by the porcupine's spines.
* * * LOW HITPOINT WARNING * * *
You barely miss the porcupine. The porcupine bites you.
* * * LOW HITPOINT WARNING * * *
[a] - 435 gold - flight, agility and invisibility [b] - 700 gold - resistance, might, haste and brilliance [c] - 336 gold - might, agility and brilliance Purchase which effect?
You no longer have enough gold to petition Gozag for potion effects.
You feel very mighty all of a sudden.
You feel agile all of a sudden.
You feel clever all of a sudden. The porcupine bites you!
You die...
Your body crumbles into a pile of gold.

.......#####.#.........
..#.....###P.#......P##.
###.................##..
........................
........................
........................
........................
..##............r.......
...#......######@..P.#.#
...#....###.####...#....
...+....##..............
...P.....#....#.........
...#..........##...#....
...#....##.....#........
........########(..#....
........##.#####...#....
...#...............# ...


You could see a porcupine.

Vanquished Creatures
  Erica (D:7)
  A black mamba (Lair:1)
  Joseph (D:7)
  Prince Ribbit (D:8)
  Menkaure (D:4)
  2 water moccasins
  3 ice beasts
  A black bear (D:8)
  2 phantoms
  2 ogres
  A centaur (D:7)
  2 crocodiles (Lair:1)
  A big kobold (D:9)
  3 bullfrogs
  2 scorpions
  3 vampire bats (D:7)
  4 howler monkeys
  3 crimson imps
  2 bullfrog zombies
  2 hounds (D:6)
  A bullfrog skeleton (D:7)
  A centaur skeleton (D:8)
  An iguana (D:6)
  2 orc wizards
  9 worker ants
  12 adders
  6 gnolls (D:3)
  A howler monkey skeleton (D:8)
  2 river rats (D:3)
  A shadow imp (D:8)
  An ooze (D:3)
  An adder zombie (D:6)
  4 worms
  3 dart slugs
  10 leopard geckos
  19 orcs
  2 ball pythons (D:7)
  6 bats (D:1)
  4 bat skeletons (D:7)
  A bat zombie (D:7)
  6 giant cockroaches
  8 goblins
  11 hobgoblins
  13 jackals
  10 kobolds
  5 quokkas
  4 frilled lizards
  A quokka skeleton (D:5)
  10 rats
193 creatures vanquished.

Notes
Turn   | Place    | Note
-------+----------+-------------------------------------------
     0 | D:1      | Buxparty the Mummy Gladiator began the quest for the Orb.
     0 | D:1      | Reached XP level 1. HP: 16/16 MP: 1/1
   182 | D:1      | Reached XP level 2. HP: 22/22 MP: 2/2
   427 | D:1      | Reached XP level 3. HP: 25/28 MP: 3/3
   831 | D:2      | Noticed Sigmund
   883 | D:2      | Reached skill level 1 in Armour
  1059 | D:2      | Found a hazy altar of Hepliaklqana.
  1447 | D:3      | Reached XP level 4. HP: 31/34 MP: 4/4
  1506 | D:3      | Found an ornate altar of the Wu Jian Council.
  1708 | D:3      | Found a blossoming altar of Fedhas.
  1711 | D:3      | Found a faded altar of an unknown god.
  2070 | D:3      | Reached XP level 5. HP: 39/40 MP: 5/5
  2572 | D:3      | Reached skill level 3 in Fighting
  3168 | D:4      | Found a shattered altar of Ashenzari.
  3233 | D:4      | Reached XP level 6. HP: 37/47 MP: 6/6
  3272 | D:4      | Noticed Menkaure
  3284 | D:4      | Killed Menkaure
  3339 | D:4      | Found a glowing golden altar of the Shining One.
  3391 | D:4      | Found Wikashoh's Jewellery Shoppe.
  3473 | D:4      | Found a burning altar of Makhleb.
  3476 | D:4      | Found an opulent altar of Gozag.
  3479 | D:4      | Found a shimmering blue altar of Sif Muna.
  3486 | D:4      | Became a worshipper of Gozag Ym Sagoz the Greedy
  3499 | D:4      | Found a radiant altar of Vehumet.
  3503 | D:4      | Found a snail-covered altar of Cheibriados.
  3647 | D:4      | Found Yschoc's Food Boutique.
  3686 | D:5      | Entered Level 5 of the Dungeon
  3793 | D:4      | Reached XP level 7. HP: 38/53 MP: 7/7
  3903 | D:5      | Found an opulent altar of Gozag.
  3932 | D:5      | Reached skill level 4 in Fighting
  3953 | D:5      | Found Fysotith's Distillery.
  4485 | D:5      | Found a sacrificial altar of Ru.
  5242 | D:6      | Reached skill level 5 in Polearms
  5864 | D:6      | Reached XP level 8. HP: 46/61 MP: 8/8
  6014 | D:6      | Reached skill level 5 in Fighting
  6157 | D:6      | Found a sparkling altar of Nemelex Xobeh.
  6157 | D:6      | Found a transporter.
  6157 | D:6      | Noticed a five-headed hydra
  6401 | D:6      | Found a staircase to the Ecumenical Temple.
  6805 | D:7      | Reached skill level 5 in Dodging
  6922 | D:7      | Found a white marble altar of Elyvilon.
  7004 | D:7      | Found a transporter.
  7005 | D:7      | Noticed a moth of wrath
  7006 | D:7      | Noticed LostInSpace's ghost (novice OpTm)
  7022 | D:7      | Found a transporter.
  7192 | D:7      | Noticed Joseph
  7275 | D:8      | Noticed Erica
  7507 | D:8      | Found a staircase to the Lair.
  7507 | D:8      | Noticed a two-headed ogre
  7507 | D:8      | Noticed Prince Ribbit
  7561 | D:7      | Found an ancient bone altar of Kikubaaqudgha.
  7584 | D:7      | Reached skill level 6 in Fighting
  7584 | D:7      | Reached XP level 9. HP: 68/69 MP: 9/9
  7841 | D:7      | Killed Erica
  7841 | D:7      | Reached skill level 5 in Armour
  8326 | D:7      | Killed Joseph
  9490 | D:8      | Killed Prince Ribbit
  9490 | D:8      | Reached skill level 7 in Fighting
 10196 | D:9      | Noticed a troll
 10616 | Lair:1   | Entered Level 1 of the Lair of Beasts
 10742 | Lair:1   | Noticed a black mamba
 10762 | Lair:1   | Reached XP level 10. HP: 63/79 MP: 10/10
 10767 | Lair:1   | Got a bloodstained leather armour
 10778 | Lair:1   | Identified the cursed +1 leather armour "Gegofot" {Str+3}
                  | (You found it on level 1 of the Lair of Beasts)
 10816 | Lair:1   | Killed a black mamba
 10898 | Lair:1   | Mangled by a porcupine

Levels and vault maps discovered:
D:1:      dpeg_arrival_subterranean_lakeside_camping, layout_basic,
          hangedman_abyss_or_decor_lesser_grid
D:2:      layout_rooms, lemuel_coloured_pillars_altar, uniq_sigmund
D:3:      layout_basic, overflow_temple_1_default, fedhas_altar_3,
          gup_sewer_entry_bubbles, chequers_ecumenical_altar_simple,
          first_ration
D:4:      layout_basic, tso_metal_star, cheibrodos_ashenzari_chains,
          minmay_overflow_temple_star_hex, serial_shops, shop,
          nicolae_shop_competitors_out_of_business, uniq_menkaure
D:5:      layout_gridville, nicolae_ru_the_path_less_chosen, basic_altar,
          serial_shops, nicolae_shop_behind_doors
D:6:      layout_loops_ring, temple_hall, grunt_nemelex_the_gamble
D:7:      layout_loops_ring, kennysheep_vampire_church, elyvilon_altar_5,
          gammafunk_ghost_berserking_beasts, uniq_joseph
D:8:      layout_rooms, lair_entry_dummy, uniq_prince_ribbit1, uniq_erica
D:9:      layout_basic, uniq_maurice
Lair:1:   layout_regular_city
